 Dungeon Crawl Stone Soup version 0.28.0-53-g5a82cb258f (webtiles) character file.

Game seed: 17490428594314631468

103 firemarshallily the Shooter (level 4, -1/34 HPs)
             Began as a Gnoll Wanderer on Aug 21, 2022.
             Was a Believer of Dithmenos.
             Slain by a jelly (3 damage)
             ... on level 3 of the Dungeon.
             The game lasted 00:06:41 (2003 turns).

firemarshallily the Shooter (Gnoll Wanderer)        Turns: 2003, Time: 00:06:42

Health: -1/34      AC:  3    Str: 12    XL:     4   Next: 79%
Magic:  8/8        EV: 11    Int: 12    God:    Dithmenos [**....]
Gold:   55         SH:  0    Dex: 12    Spells: 8/9 levels left

rFire   + . .      SeeInvis .   g - +0 short sword
rCold   + . .      Faith    .   (no shield)
rNeg    . . .      Spirit   .   q - +1 robe {rF+}
rPois   .          Reflect  .   (no helmet)
rElec   .          Harm     .   (no cloak)
rCorr   .          Rampage  .   (no gloves)
Will    .....                   (no boots)
Stlth   ++........              (no amulet)
HPRegen 0.11/turn               d - ring of protection from cold
MPRegen 0.11/turn               (no ring)

@: mighty, wreathed by umbra
A: fangs 1, strong nose, distributed training
a: Renounce Religion, Shadow Step


You were on level 3 of the Dungeon.
You worshipped Dithmenos.
Dithmenos was pleased with you.
You visited 1 branch of the dungeon, and saw 3 of its levels.

You collected 55 gold pieces.

Inventory:

Hand Weapons
 a - a +2 shortbow
 g - a +0 short sword (weapon)
 l - a +0 vorpal hunting sling
Missiles
 b - 44 arrows
 h - 38 stones (quivered)
 i - 19 sling bullets
 k - 6 boomerangs
 m - 5 javelins
Armour
 f - a +1 robe of cold resistance
 j - a +0 ring mail
 n - a +0 chain mail of poison resistance
 q - a +1 robe of fire resistance (worn)
Jewellery
 d - a ring of protection from cold (left hand)
Wands
 c - a wand of flame (4)
 o - a wand of digging (3)
Scrolls
 p - a scroll of silence {unknown}
 r - a scroll of holy word {unknown}


   Skills:
 + Level 2.8 Fighting
 + Level 1.2 Short Blades
 + Level 1.2 Long Blades
 + Level 1.2 Axes
 + Level 1.2 Maces & Flails
 + Level 1.2 Polearms
 + Level 1.2 Staves
 + Level 1.2 Slings
 + Level 6.6 Bows
 + Level 1.2 Crossbows
 + Level 1.2 Throwing
 + Level 2.8 Armour
 + Level 1.2 Dodging
 + Level 1.2 Stealth
 + Level 1.2 Shields
 + Level 1.2 Unarmed Combat
 + Level 3.0 Spellcasting
 + Level 1.0 Conjurations
 + Level 1.0 Hexes
 + Level 1.0 Summonings
 + Level 1.0 Necromancy
 + Level 1.0 Translocations
 + Level 1.0 Transmutations
 + Level 1.0 Fire Magic
 + Level 3.9 Ice Magic
 + Level 1.0 Air Magic
 + Level 1.0 Earth Magic
 + Level 1.0 Poison Magic
 + Level 1.3 Invocations
 + Level 4.7 Evocations


You had 8 spell levels left.
You knew the following spells:

 Your Spells              Type           Power      Damage    Failure   Level
a - Freeze                Ice            44%        1d6       4%          1

Your spell library contained the following spells:

 Spells                   Type           Power      Damage    Failure   Level
 Magic Dart               Conj           16%        1d3       16%         1
 Ozocubu's Armour         Ice            11%        N/A       16%         3
 Searing Ray              Conj           8%         2d4       24%         2
 Fulminant Prism          Conj/Hex       2%         3d6       85%         4


Dungeon Overview and Level Annotations

Branches:
Dungeon (3/15)

Altars:
Dithmenos
Uskayaw


Innate Abilities, Weirdness & Mutations

You have very sharp teeth.
Your uncanny sense of smell can sniff out nearby items.
Your experience applies equally to all skills.


Message History

You closely miss the jackal.
The jackal is moderately wounded.
The jackal closely misses you. The jackal barely misses you.
You barely miss the jackal.
The jackal is moderately wounded.
The jackal misses you.
The jelly jiggles.
You hit the jackal.
The jackal is severely wounded.
The jackal barely misses you.
The jackal bites you but does no damage.
You hit the jackal.
You kill the jackal!
Dithmenos accepts your kill.
You can now step into the shadows of nearby creatures.
You barely miss the jackal.
The jackal bites you but does no damage. x2
You completely miss the jackal. The jackal misses you.
You barely miss the jackal. The jackal barely misses you.
The jackal bites you but does no damage.
You hit the jackal.
You kill the jackal!
Dithmenos accepts your kill.
You hit the jelly.
Your hands burn!
The jelly is lightly wounded.
The jelly barely misses you.
You hit the jelly but do no damage.
Your hands burn!
The jelly is lightly wounded.
The jelly hits you.
You are splashed with acid.
You barely miss the jelly. Your bite misses the jelly.
The jelly is lightly wounded.
The jelly barely misses you.
You hit the jelly.
Your hands burn!
You bite the jelly.
The jelly is severely wounded.
The jelly hits you.
You are splashed with acid!
* * * LOW HITPOINT WARNING * * *
It was a potion of might.
You feel very mighty all of a sudden. The jelly hits you.
You die...

....§._..####..##....)..
§.≈.≈..........########.
§.≈.≈§≈.#####).# ....#.
§.≈...≈.# #..# #......
.≈≈≈§≈≈≈.§.#####..#........
...§.........##..#...##...
#...#####....##†..........
###.#. #....##...##.##. .
......#####@.............
###.......J#.......##.###
..........O+.......# .#
...........###....## #
.##........# #......
...........# #....###
####.......# #....#
#.......# #....# #.......#


You could see an ogre and a jelly.

Vanquished Creatures
  An orc priest (D:3)
  An orc wizard (D:3)
  4 orcs (D:3)
  7 bats
  3 endoplasms
  3 giant cockroaches (D:1)
  3 goblins
  3 hobgoblins (D:2)
  3 jackals (D:3)
  A quokka (D:2)
  A ball python (D:3)
  5 frilled lizards
  3 kobolds (D:1)
  8 rats
46 creatures vanquished.

Notes
Turn   | Place    | Note
-------+----------+-------------------------------------------
     0 | D:1      | firemarshallily the Gnoll Wanderer began the quest for the
                  | Orb.
     0 | D:1      | firemarshallily set off with the following items: a +2
                  | shortbow, 26 arrows, a wand of flame (5), a +0 robe; and
                  | the following spell memorised: Freeze; and the following
                  | spells available to memorise: Ozocubu's Armour
     0 | D:1      | Reached XP level 1. HP: 17/17 MP: 4/4
   114 | D:1      | Reached XP level 2. HP: 17/23 MP: 5/5
   362 | D:1      | Found a faded altar of an unknown god.
   366 | D:1      | Prayed at the altar of an unknown god.
   366 | D:1      | Became a worshipper of Dithmenos the Shadowed
   366 | D:1      | Reached * piety under Dithmenos
   845 | D:2      | Reached XP level 3. HP: 28/28 MP: 7/7
  1590 | D:3      | Reached skill level 1 in Short Blades
  1590 | D:3      | Reached skill level 1 in Long Blades
  1590 | D:3      | Reached skill level 1 in Axes
  1590 | D:3      | Reached skill level 1 in Maces & Flails
  1590 | D:3      | Reached skill level 1 in Polearms
  1590 | D:3      | Reached skill level 1 in Staves
  1590 | D:3      | Reached skill level 1 in Slings
  1590 | D:3      | Reached skill level 1 in Crossbows
  1590 | D:3      | Reached skill level 1 in Throwing
  1590 | D:3      | Reached skill level 1 in Dodging
  1590 | D:3      | Reached skill level 1 in Stealth
  1590 | D:3      | Reached skill level 1 in Shields
  1590 | D:3      | Reached skill level 1 in Unarmed Combat
  1590 | D:3      | Reached skill level 1 in Conjurations
  1590 | D:3      | Reached skill level 1 in Hexes
  1590 | D:3      | Reached skill level 1 in Summonings
  1590 | D:3      | Reached skill level 1 in Necromancy
  1590 | D:3      | Reached skill level 1 in Translocations
  1590 | D:3      | Reached skill level 1 in Transmutations
  1590 | D:3      | Reached skill level 1 in Fire Magic
  1590 | D:3      | Reached skill level 1 in Air Magic
  1590 | D:3      | Reached skill level 1 in Earth Magic
  1590 | D:3      | Reached skill level 1 in Poison Magic
  1590 | D:3      | Reached skill level 1 in Invocations
  1590 | D:3      | Reached XP level 4. HP: 34/34 MP: 8/8
  1831 | D:3      | Found a hide-covered altar of Uskayaw.
  1974 | D:3      | Noticed an ogre
  1994 | D:3      | Reached ** piety under Dithmenos
  2003 | D:3      | Slain by a jelly

Illustrated notes

Levels and vault maps discovered:
D:1:      ncdulo_halloftheorcs, layout_basic,
          hellmonk_ecumenical_altar_heavens_door
D:2:      layout_basic
D:3:      layout_basic, mainiacjoe_overflow_large_starburst

Skill      XL: |  1  2  3 |
---------------+----------+-----
Short Blades   | 1 |  1.2
Long Blades    | 1 |  1.2
Axes           | 1 |  1.2
Maces & Flails | 1 |  1.2
Polearms       | 1 |  1.2
Staves         | 1 |  1.2
Slings         | 1 |  1.2
Crossbows      | 1 |  1.2
Throwing       | 1 |  1.2
Dodging        | 1 |  1.2
Stealth        | 1 |  1.2
Shields        | 1 |  1.2
Unarmed Combat | 1 |  1.2
Spellcasting   | 3 |  3.0
Conjurations   | 1 |  1.0
Hexes          | 1 |  1.0
Summonings     | 1 |  1.0
Necromancy     | 1 |  1.0
Translocations | 1 |  1.0
Transmutations | 1 |  1.0
Fire Magic     | 1 |  1.0
Air Magic      | 1 |  1.0
Earth Magic    | 1 |  1.0
Poison Magic   | 1 |  1.0
Invocations    | 1 |  1.3
Fighting       | |  2.8
Bows           | |  6.6
Armour         | |  2.8
Ice Magic      | |  3.9
Evocations     | |  4.7

Action                   |  1- 3 |  4- 6 || total
-------------------------+-------+-------++-------
Melee: Short sword       |    33 |    40 ||    73
       Bite              |     3 |     3 ||     6
 Fire: Shortbow          |    26 |       ||    26
       Hunting sling     |    12 |       ||    12
 Cast: Freeze            |     1 |       ||     1
Evoke: Wand              |     1 |       ||     1
  Use: Scroll            |     3 |       ||     3
       Potion            |       |     1 ||     1
 Stab: Sleeping          |     1 |       ||     1
Armor: Robe              |     6 |    14 ||    20
Dodge: Dodged            |    22 |    27 ||    49
